[ AOE2 MATCH · #506730309 ]
UnrankedCelts vs Bohemians
Player's team · LOSS
Rival team · WIN
[ REPLAY ANALYSIS · EXTRACTED FROM THE RECORDED GAME ]
Feudal
9:15
Castle
22:40
Imperial
38:22
| APM avg | 55.2 |
| APM peak | 89 |
| eAPM avg | 25.3 |
| Villagers / military | 121 / 91 |
Focus
⚔️ 37.1% · 🌾 62.9%
Archer ×29 · Skirmisher ×29 · Mangonel ×14 · Woad Raider ×10 · Militia ×7 · Monk ×1
Feudal
9:15
Castle
23:11
Imperial
—
| APM avg | 76.4 |
| APM peak | 116 |
| eAPM avg | 28.6 |
| Villagers / military | 114 / 84 |
Focus
⚔️ 51.0% · 🌾 49.0%
Archer ×53 · Mangonel ×11 · Skirmisher ×5 · Scout Cavalry ×5 · Militia ×4 · Hussite Wagon ×3
Match map
Initial resources + every placement click. Lines = walls · curves = elevation contours. ◆ gold · ⬟ stone · ● berries · ✦ relic · ◌ wall gap
Your base· ✓ Closed at 22:40 · 13t walls · 4 gate(s)
nW | Manuel's base· ✓ Closed at 23:11 · 59t walls · 1 gate(s)
Smoothed initial terrain · ◌ = detected wall gap · hover for details
Inputs per minute
— JOJO ROAD ROLLER - - nW | Manuel
Build order — JOJO ROAD ROLLER
First 150 of 367 actions detected
| 0:00 | Create | Villager (Male) ×4 |
| 0:01 | Build | House |
| 0:02 | Build | House |
| 1:28 | Create | Villager (Male) |
| 1:44 | Create | Villager (Male) |
| 2:02 | Build | Lumber Camp |
| 2:07 | Create | Villager (Male) |
| 2:07 | Create | Villager (Male) |
| 2:29 | Create | Villager (Male) |
| 2:57 | Create | Villager (Male) |
| 3:29 | Create | Villager (Male) |
| 3:59 | Build | House |
| 4:02 | Create | Villager (Male) |
| 4:04 | Create | Villager (Male) |
| 4:10 | Build | House |
| 4:36 | Create | Villager (Male) |
| 4:51 | Create | Villager (Male) |
| 4:51 | Create | Villager (Male) |
| 4:55 | Build | Barracks |
| 5:49 | Build | House |
| 5:53 | Create | Villager (Male) |
| 5:58 | Research | Loom |
| 6:07 | Build | Palisade Wall |
| 6:07 | Build | Palisade Wall |
| 6:08 | Build | Palisade Wall |
| 7:01 | Research | Feudal Age |
| 7:13 | Build | Lumber Camp |
| 7:16 | Build | Mining Camp |
| 7:21 | Create | Militia |
| 7:21 | Create | Militia |
| 7:21 | Create | Militia |
| 8:07 | Create | Militia |
| 8:26 | Build | Mill |
| 8:31 | Create | Militia |
| 9:07 | Create | Villager (Male) |
| 9:15 | Age | Feudal Age |
| 9:18 | Research | Man-at-Arms (upgrade) |
| 9:24 | Build | Archery Range |
| 9:27 | Build | Archery Range |
| 9:28 | Build | House |
| 9:34 | Build | Palisade Gate |
| 9:42 | Create | Villager (Male) |
| 9:45 | Build | Farm |
| 9:55 | Build | Palisade Gate |
| 10:02 | Create | Villager (Male) |
| 10:15 | Create | Militia |
| 10:21 | Build | Farm |
| 10:24 | Create | Archer |
| 10:35 | Create | Villager (Male) |
| 10:37 | Build | Farm |
| 10:39 | Build | Farm |
| 10:41 | Build | Farm |
| 10:49 | Create | Villager (Male) |
| 10:58 | Create | Skirmisher |
| 11:19 | Create | Villager (Male) |
| 11:23 | Create | Skirmisher |
| 11:28 | Build | House |
| 11:28 | Build | House |
| 11:55 | Create | Villager (Male) |
| 12:10 | Create | Villager (Male) |
| 12:10 | Create | Skirmisher |
| 12:20 | Create | Villager (Male) |
| 12:22 | Build | Farm |
| 12:23 | Build | Farm |
| 12:37 | Create | Skirmisher |
| 12:47 | Build | Blacksmith |
| 12:48 | Create | Villager (Male) |
| 12:50 | Build | House |
| 12:51 | Build | House |
| 12:52 | Build | House |
| 12:53 | Build | Palisade Wall |
| 12:54 | Build | Palisade Wall |
| 13:03 | Create | Skirmisher |
| 13:06 | Create | Villager (Male) |
| 13:25 | Create | Villager (Male) |
| 13:28 | Research | Double-Bit Axe |
| 13:38 | Create | Villager (Male) |
| 13:45 | Build | Palisade Gate |
| 13:50 | Build | Farm |
| 13:53 | Create | Skirmisher |
| 14:01 | Create | Villager (Male) |
| 14:10 | Build | Farm |
| 14:12 | Build | Farm |
| 14:14 | Build | Farm |
| 14:15 | Build | Farm |
| 14:19 | Create | Villager (Male) |
| 14:26 | Research | Fletching |
| 14:47 | Build | Archery Range |
| 14:49 | Create | Skirmisher |
| 14:51 | Create | Villager (Male) |
| 15:07 | Create | Skirmisher |
| 15:15 | Create | Villager (Male) |
| 15:16 | Create | Skirmisher |
| 15:24 | Build | Farm |
| 15:26 | Build | Farm |
| 15:28 | Build | Farm |
| 15:30 | Create | Villager (Male) |
| 15:35 | Create | Skirmisher |
| 15:43 | Create | Villager (Male) |
| 15:47 | Create | Skirmisher |
| 16:01 | Research | Padded Archer Armor |
| 16:13 | Create | Militia |
| 16:22 | Create | Archer |
| 16:23 | Create | Archer |
| 16:30 | Build | Farm |
| 16:32 | Build | Farm |
| 16:33 | Build | Farm |
| 16:40 | Create | Villager (Male) |
| 16:40 | Create | Villager (Male) |
| 16:40 | Create | Villager (Male) |
| 16:48 | Create | Spearman |
| 16:56 | Create | Villager (Male) |
| 17:00 | Create | Archer |
| 17:00 | Create | Archer |
| 17:24 | Create | Villager (Male) |
| 17:27 | Create | Archer |
| 17:29 | Build | Farm |
| 17:32 | Research | Gold Mining |
| 17:33 | Build | Mining Camp |
| 17:44 | Create | Villager (Male) |
| 17:50 | Build | Farm |
| 17:51 | Build | Farm |
| 17:54 | Create | Archer |
| 18:05 | Create | Skirmisher |
| 18:22 | Create | Skirmisher |
| 18:25 | Create | Archer |
| 18:26 | Create | Villager (Male) |
| 18:30 | Build | House |
| 18:31 | Build | House |
| 18:33 | Build | House |
| 18:38 | Build | House |
| 18:46 | Create | Archer |
| 18:47 | Create | Villager (Male) |
| 19:26 | Build | Farm |
| 19:37 | Research | Castle Age |
| 19:57 | Create | Archer |
| 20:03 | Create | Archer |
| 20:04 | Research | Gold Mining |
| 20:06 | Research | Horse Collar |
| 20:12 | Create | Archer |
| 20:40 | Create | Archer |
| 20:40 | Create | Archer |
| 20:47 | Create | Archer |
| 21:19 | Build | Palisade Gate |
| 21:30 | Build | Lumber Camp |
| 21:35 | Create | Archer |
| 21:40 | Create | Archer |
| 21:53 | Create | Archer |
| 21:54 | Create | Archer |
| 22:07 | Create | Archer |
Build order — nW | Manuel
First 150 of 264 actions detected
| 0:00 | Create | Villager (Male) |
| 0:01 | Build | House |
| 0:02 | Build | House |
| 0:06 | Create | Villager (Male) |
| 0:06 | Create | Villager (Male) |
| 0:19 | Create | Villager (Male) |
| 0:20 | Create | Villager (Male) |
| 1:26 | Create | Villager (Male) |
| 1:26 | Create | Villager (Male) |
| 1:59 | Create | Villager (Male) |
| 1:59 | Create | Villager (Male) |
| 2:23 | Create | Villager (Male) |
| 2:32 | Build | Lumber Camp |
| 2:53 | Create | Villager (Male) |
| 2:53 | Create | Villager (Male) |
| 3:09 | Create | Villager (Male) |
| 3:10 | Create | Villager (Male) |
| 3:30 | Create | Villager (Male) |
| 3:30 | Create | Villager (Male) |
| 3:36 | Build | House |
| 4:05 | Create | Villager (Male) |
| 4:05 | Create | Villager (Male) |
| 4:19 | Build | House |
| 4:25 | Create | Villager (Male) |
| 4:25 | Create | Villager (Male) |
| 4:25 | Create | Villager (Male) |
| 4:39 | Create | Villager (Male) |
| 5:27 | Create | Villager (Male) |
| 5:27 | Create | Villager (Male) |
| 5:59 | Build | Barracks |
| 6:04 | Create | Villager (Male) |
| 6:22 | Research | Loom |
| 6:30 | Build | House |
| 7:04 | Research | Feudal Age |
| 7:17 | Create | Militia |
| 7:21 | Build | Mining Camp |
| 7:37 | Create | Militia |
| 7:37 | Create | Militia |
| 7:42 | Build | Palisade Wall |
| 7:59 | Build | Palisade Wall |
| 8:00 | Build | Palisade Wall |
| 8:02 | Build | Palisade Wall |
| 8:03 | Create | Militia |
| 8:56 | Create | Villager (Male) |
| 9:15 | Age | Feudal Age |
| 9:18 | Research | Man-at-Arms (upgrade) |
| 9:20 | Create | Villager (Male) |
| 9:22 | Build | Archery Range |
| 9:26 | Build | Archery Range |
| 9:39 | Create | Villager (Male) |
| 10:15 | Create | Archer |
| 10:23 | Build | Mill |
| 10:33 | Create | Villager (Male) |
| 10:36 | Create | Archer |
| 10:36 | Create | Archer |
| 10:55 | Create | Villager (Male) |
| 10:58 | Build | Palisade Wall |
| 11:00 | Build | Palisade Wall |
| 11:07 | Build | Farm |
| 11:10 | Build | Farm |
| 11:17 | Create | Archer |
| 11:31 | Build | House |
| 11:40 | Build | Farm |
| 11:41 | Build | Farm |
| 11:59 | Build | Palisade Wall |
| 12:01 | Build | Palisade Wall |
| 12:02 | Build | Palisade Wall |
| 12:06 | Create | Archer |
| 12:20 | Create | Villager (Male) |
| 12:20 | Create | Villager (Male) |
| 12:21 | Create | Villager (Male) |
| 12:40 | Create | Villager (Male) |
| 12:40 | Create | Villager (Male) |
| 12:41 | Build | Farm |
| 12:52 | Build | Farm |
| 12:53 | Build | Farm |
| 13:01 | Build | Farm |
| 13:04 | Research | Double-Bit Axe |
| 13:04 | Research | Double-Bit Axe |
| 13:17 | Create | Skirmisher |
| 13:17 | Create | Skirmisher |
| 13:36 | Build | House |
| 13:40 | Create | Villager (Male) |
| 14:01 | Build | Blacksmith |
| 14:03 | Create | Villager (Male) |
| 14:07 | Create | Skirmisher |
| 14:12 | Build | House |
| 14:12 | Build | House |
| 14:25 | Build | Stable |
| 14:33 | Create | Villager (Male) |
| 14:35 | Build | Farm |
| 14:56 | Create | Villager (Male) |
| 14:56 | Create | Villager (Male) |
| 15:03 | Create | Scout Cavalry |
| 15:03 | Create | Scout Cavalry |
| 15:07 | Build | Farm |
| 15:08 | Build | Farm |
| 15:14 | Create | Villager (Male) |
| 15:22 | Create | Scout Cavalry |
| 15:22 | Create | Scout Cavalry |
| 15:39 | Create | Villager (Male) |
| 15:39 | Create | Villager (Male) |
| 15:40 | Build | Farm |
| 15:48 | Create | Villager (Male) |
| 15:48 | Create | Villager (Male) |
| 15:51 | Build | Blacksmith |
| 15:59 | Create | Scout Cavalry |
| 16:03 | Build | Farm |
| 16:08 | Create | Skirmisher |
| 16:08 | Create | Skirmisher |
| 16:22 | Create | Villager (Male) |
| 16:22 | Create | Villager (Male) |
| 16:30 | Create | Archer |
| 16:30 | Create | Archer |
| 16:33 | Build | Farm |
| 16:34 | Build | Farm |
| 16:39 | Research | Fletching |
| 16:45 | Build | Palisade Gate |
| 16:50 | Create | Villager (Male) |
| 17:07 | Create | Villager (Male) |
| 17:31 | Build | House |
| 17:31 | Build | House |
| 17:35 | Create | Archer |
| 17:43 | Build | House |
| 17:43 | Build | House |
| 17:52 | Create | Archer |
| 17:59 | Research | Town Watch |
| 18:12 | Build | Archery Range |
| 18:21 | Create | Villager (Male) |
| 18:25 | Build | Palisade Wall |
| 18:38 | Build | Farm |
| 18:48 | Build | Palisade Gate |
| 19:22 | Create | Villager (Male) |
| 19:28 | Build | House |
| 19:50 | Build | House |
| 19:50 | Build | House |
| 20:01 | Build | Palisade Wall |
| 20:07 | Build | Lumber Camp |
| 20:31 | Research | Castle Age |
| 20:32 | Research | Castle Age |
| 20:47 | Build | Palisade Wall |
| 20:52 | Create | Archer |
| 20:53 | Create | Archer |
| 20:55 | Build | House |
| 20:57 | Build | House |
| 20:59 | Build | Farm |
| 21:24 | Research | Horse Collar |
| 21:28 | Create | Archer ×3 |
| 21:47 | Build | Farm |
| 21:50 | Build | Farm |
Match timeline
| 4:55 | JOJO ROAD ROLLER · first_building Barracks |
| 5:59 | nW | Manuel · first_building Barracks |
| 6:07 | JOJO ROAD ROLLER · wall_segment Palisade Wall x2 |
| 6:07 | JOJO ROAD ROLLER · wall_segment Palisade Wall x1 |
| 6:08 | JOJO ROAD ROLLER · wall_segment Palisade Wall x2 |
| 7:42 | nW | Manuel · wall_segment Palisade Wall x13 |
| 7:59 | nW | Manuel · wall_segment Palisade Wall x1 |
| 8:00 | nW | Manuel · wall_segment Palisade Wall x1 |
| 8:02 | nW | Manuel · wall_segment Palisade Wall x1 |
| 9:15 | JOJO ROAD ROLLER · age_up feudal |
| 9:15 | nW | Manuel · age_up feudal |
| 9:22 | nW | Manuel · first_building Archery Range |
| 9:24 | JOJO ROAD ROLLER · first_building Archery Range |
| 10:58 | nW | Manuel · wall_segment Palisade Wall x9 |
| 11:00 | nW | Manuel · wall_segment Palisade Wall x15 |
| 11:59 | nW | Manuel · wall_segment Palisade Wall x1 |
| 12:01 | nW | Manuel · wall_segment Palisade Wall x1 |
| 12:02 | nW | Manuel · wall_segment Palisade Wall x1 |
| 12:53 | JOJO ROAD ROLLER · wall_segment Palisade Wall x7 |
| 12:54 | JOJO ROAD ROLLER · wall_segment Palisade Wall x1 |
| 14:25 | nW | Manuel · first_building Stable |
| 18:25 | nW | Manuel · wall_segment Palisade Wall x11 |
| 20:01 | nW | Manuel · wall_segment Palisade Wall x1 |
| 20:47 | nW | Manuel · wall_segment Palisade Wall x4 |
| 22:40 | JOJO ROAD ROLLER · age_up castle |
| 23:11 | nW | Manuel · age_up castle |
| 25:24 | JOJO ROAD ROLLER · first_building Siege Workshop |
| 27:05 | nW | Manuel · first_building Siege Workshop |
| 29:12 | JOJO ROAD ROLLER · first_building Monastery |
| 32:34 | JOJO ROAD ROLLER · first_building Castle |
| 35:09 | JOJO ROAD ROLLER · first_market_sell 500 wood |
| 35:14 | nW | Manuel · first_building Castle |
| 38:22 | JOJO ROAD ROLLER · age_up imperial |
| 38:34 | JOJO ROAD ROLLER · resign |
[ AI ANALYSIS · 1 CREDIT ]
What really happened in this match?
Wolo.gg analyzes every decision: build order, eco, micro, common mistakes by bracket. Personalized analysis on WhatsApp or Discord in 30 seconds.
Civ guide
Celts
Perfil
JOJO ROAD ROLLER